 Dungeon Crawl Stone Soup version 0.31-a0-1603-gbec6b6c (webtiles) character file.

Game seed: 17437186256012907006

30 Dorkslayer the Insei (level 3, -2/23 HPs)
             Began as an Octopode Shapeshifter on Jan 7, 2024.
             Slain by an adder (3 damage)
             ... on level 2 of the Dungeon.
             The game lasted 00:02:15 (974 turns).

Dorkslayer the Insei (Octopode Shapeshifter)         Turns: 974, Time: 00:02:16

Health: -2/23      AC:  5    Str: 13    XL:     3   Next: 20%
Magic:  3/3        EV: 13    Int: 12    God:
Gold:   25         SH:  0    Dex: 13    Spells: 2/2 levels left

rFire   . .          .
                       - Unarmed
rCold   . . .        (no shield)
rNeg    . . .        (helmet currently unavailable)
rPois   .            (no amulet)
rElec   .            e - +4 ring of protection
rCorr   .            (no ring)
SInv    .            (no ring)
Will    .....        (no ring)
Stlth   +++          (no ring)
HPRegen 0.23/turn    (no ring)
MPRegen 0.08/turn    (no ring)
                     (no ring)

%: no passive effects
@: lethally poisoned (-2 -> -9), beast-form
A: beast (slay +1), almost no armour, amphibious, 8 rings, camouflage 1,
gelatinous body 1, (nimble swimmer 1), tentacles
a: Begin Untransformation


You were on level 2 of the Dungeon.
You were a hulking beast.
You visited 1 branch of the dungeon, and saw 2 of its levels.

You collected 25 gold pieces.

Inventory:

Jewellery
 e - a +4 ring of protection (left tentacle)
 i - a ring of see invisible
Talismans
 b - a beast talisman
 c - a flux talisman
Scrolls
 d - a scroll of fear
 f - a scroll of enchant weapon {unknown}
 g - a scroll of immolation
Potions
 a - a potion of lignification


   Skills:
 + Level 1.0 Fighting
 + Level 2.0 Dodging
 + Level 1.4 Stealth
 * Level 3.8 Unarmed Combat
 + Level 3.2 Shapeshifting


You had 2 spell levels left.
You didn't know any spells.
Your spell library contained the following spells:

 Spells                   Type           Power      Damage    Failure   Level
 Sublimation of Blood     Necr           0%         N/A       45%         2
 Petrify                  Alch/Erth      0%         N/A       97%         4
 Irradiate                Conj/Alch      0%         3d11      100%        5


Dungeon Overview and Level Annotations

Branches:
Dungeon (2/15)

Altars:


Innate Abilities, Weirdness & Mutations

You are a hulking beast.
Your limbs bulge with bestial killing power. (Slay +1)
You cannot wear most types of armour.
You are amphibious.
You can wear up to eight rings at the same time.
Your skin changes colour to match your surroundings (Stealth+).
Your rubbery body absorbs attacks. (AC +1, EV +1)
((You are camouflaged when in or above water. (Stealth+)))
You have tentacles for arms and can constrict up to eight enemies at once.


Message History

The adder barely misses you.
A bat comes into view.
The adder bites you but does no damage.
A ribbon worm comes into view.
The adder closely misses you.
The ball python bites you but does no damage.
The ball python grabs you. The ball python constricts you.
You escape the ball python's grasp.
The adder attacks as it pursues you! The adder misses you.
You see here a ring of see invisible.
i - a ring of see invisible The ball python barely misses you.
The ball python completely misses you. The adder bites you.
You are poisoned.
The adder poisons you!
The ribbon worm expels a string of sticky webbing.
The stream of webbing hits you but does no damage.
You are caught in a web!
The ball python bites you but does no damage.
The ball python barely misses you.
You struggle to detach yourself from the web.
You feel sick. The adder barely misses you. The adder bites you.
You are more poisoned.
The adder poisons you! The ball python bites you. The ball python grabs you.
The ball python constricts you.
The web tears apart.
You feel sick. The adder closely misses you. The ball python bites you.
The ball python constricts you. The ribbon worm barely misses you.
You escape the ball python's grasp.
You feel sick.
Unknown command.
You feel sick. The adder bites you.
* * * LOW HITPOINT WARNING * * *
You are more poisoned.
The adder poisons you!
Unknown command.
It was a potion of magic.
Magic courses through your body.
* * * LOW HITPOINT WARNING * * *
You feel very sick. The adder bites you.
You die...

#.###### .. #.# ... ...# .##
# #.# ........ ..###.#####.#
.... ..# ............# #
....b..# #.######.######.##
.w.#.###.#### #.###...... #.
#...........# #.....##.#
#..#. #.###h##.######.....#
#..#.##gJ.S...(.####[..####
........rwS...............#
##.....#w####$###.##.#.##...
.........####.###.##.#.# #.
##.....#...............#
..#......##.###$##.#.#.#
#......#...J.........#...
#......#.##.#.##.#.#.#.##.


You could see 3 ribbon worms, an adder, an endoplasm, a goblin, a ball python
and a rat.

Vanquished Creatures
  A ribbon worm (D:2)
  4 endoplasms (D:1)
  A giant cockroach (D:1)
  A goblin (D:1)
  2 hobgoblins (D:1)
  2 quokkas (D:1)
  3 ball pythons
  6 bats (D:1)
  4 frilled lizards
  A kobold (D:1)
  3 rats (D:1)
28 creatures vanquished.

Notes
Turn   | Place    | Note
-------+----------+-------------------------------------------
     0 | D:1      | Dorkslayer the Octopode Shapeshifter began the quest for
                  | the Orb.
     0 | D:1      | Reached XP level 1. HP: 13/13 MP: 1/1
   218 | D:1      | Reached XP level 2. HP: 18/18 MP: 2/2
   502 | D:1      | Reached skill level 1 in Stealth
   584 | D:1      | Reached XP level 3. HP: 21/23 MP: 3/3
   974 | D:2      | HP: 1/23 [poisoned by an adder]
   974 | D:2      | Slain by an adder

Illustrated notes

Levels and vault maps discovered:
D:1:      hellmonk_arrival_library, layout_basic
D:2:      layout_loops_cross, basic_altar, eino_tiny_chamber,
          minmay_diced_spiral

Skill      XL: |  1  2 |
---------------+-------+-----
Stealth        | 1 |  1.4
Fighting       | |  1.0
Dodging        | |  2.0
Unarmed Combat | |  3.8
Shapeshifting  | |  3.2

Action                     || total
---------------------------++-------
  Melee: Unarmed           ||    58
         Tentacles         ||     8
         Constrict         ||    13
         Punch             ||     1
    Use: Scroll            ||     2
         Potion            ||     1
   Stab: Sleeping          ||    10
 Armour: Skin              ||    33
  Dodge: Dodged            ||    53

Table legend: (Time is in decaauts)
 A = Elapsed time spent in this place.
 B = Non-inter-level travel time spent in this place.
 C = Inter-level travel time spent in this place.
 D = Time resting spent in this place.
 E = Time spent auto-exploring this place.
 F = Levels seen in this place.
 G = Mean time per level.
                   A        B        C        D        E       F      G
               +--------+--------+--------+--------+--------+-----+--------+
         Total |    970 |    970 |      0 |      0 |    632 |   2 |  485.0 |
       Dungeon |    970 |    970 |      0 |      0 |    632 |   2 |  485.0 |
               +--------+--------+--------+--------+--------+-----+--------+

Top non-repeatable levels by time:
     D:1: 863 daAuts
     D:2: 106 daAuts
